 Dungeon Crawl Stone Soup version 0.22-a0-580-gd5db89c (webtiles) character file.

294 Hebeh the Chopper (level 6, -1/55 HPs)
             Began as a Minotaur Fighter on July 2, 2018.
             Slain by an orc
             ... wielding the +4 trident "Reowesk" {venom, MR+}
              (6 damage)
             ... on level 4 of the Dungeon.
             The game lasted 00:07:50 (2587 turns).

Hebeh the Chopper (Minotaur Fighter)                Turns: 2587, Time: 00:07:50

Health: -1/55      AC:  9    Str: 22    XL:     6   Next: 11%
Magic:  5/5        EV:  7    Int:  5    God:
Gold:   133        SH: 10    Dex: 10    Spells: 5/5 levels left

rFire    . . .     SeeInvis .   t - +0 whip (drain)
rCold    . . .     Gourm    .   c - +0 shield
rNeg     . . .     Faith    .   s - +0 scale mail
rPois    .         Spirit   .   q - +2 hat
rElec    .         Reflect  .   (no cloak)
rCorr    +         Harm     .   (no gloves)
MR       .....                  (no boots)
Stlth    ..........             (no amulet)
HPRegen  0.18/turn              k - ring of resist corrosion
MPRegen  0.09/turn              (no ring)

@: lethally poisoned (-1 -> -24), drained
A: retaliatory headbutt, horns 2
a: no special abilities


You were on level 4 of the Dungeon.
You were hungry.

You visited 1 branch of the dungeon, and saw 4 of its levels.

You collected 133 gold pieces.

Inventory:

Hand Weapons
 a - a +0 war axe
 b - a +0 hunting sling
 t - a +0 whip of draining (weapon)
Missiles
 x - 27 sling bullets
Armour
 c - a +0 shield (worn)
 q - a +2 hat (worn)
 s - a +0 scale mail (worn)
Jewellery
 k - a ring of resist corrosion (left hand)
Wands
 w - a wand of digging (11)
Scrolls
 h - 4 scrolls of fear
 l - a scroll of identify {unknown}
 n - a scroll of amnesia {unknown}
 o - a scroll of noise {unknown}
 u - a scroll of remove curse {unknown}
Potions
 d - a potion of might
 e - 2 potions of curing {unknown}
 g - 2 potions of heal wounds {unknown}
 j - a potion of mutation {unknown}
 m - a potion of lignification {unknown}
 p - a potion of cancellation {unknown}
 v - a potion of agility {unknown}
Comestibles
 f - 9 rations


   Skills:
 + Level 4.8(4.5) Fighting
 * Level 5.1(4.9) Axes
 + Level 1.3(1.0) Slings
 + Level 4.8(4.5) Armour
 + Level 4.8(4.6) Shields


You had 5 spell levels left.
You didn't know any spells.
Your spell library was empty.

Dungeon Overview and Level Annotations

Branches:
Dungeon (4/15)
 Temple: D:4-7

Altars:
Gozag
Nemelex Xobeh
Uskayaw


Innate Abilities, Weirdness & Mutations

You reflexively headbutt those who attack you in melee.
You have a pair of horns on your head.


Message History

The orc wizard is almost dead.
You feel very sick. The orc closely misses you. You block the worm's attack.
The orc wizard casts a spell at you. The puff of flame hits you!
* * * LOW HITPOINT WARNING * * *
The orc hits you from afar with an ancient trident {venom}.
* * * LOW HITPOINT WARNING * * *
You hit the orc wizard.
You kill the orc wizard!
* * * LOW HITPOINT WARNING * * *
You feel sick. You block the orc's attack. The orc hits you but does no damage.
You are more poisoned.
The worm bites you.
* * * LOW HITPOINT WARNING * * *
You barely miss the orc.
* * * LOW HITPOINT WARNING * * *
You feel sick. The orc closely misses you.
The orc hits you from afar with an ancient trident {venom}.
You die...

###########
#..!......###
#...........
#.....$...###.
###.............
.......†....#
#...)@o...#
......))w<..#
.....o...####
..........
..........#
........#.#
........#.#
........#.#
....%.


You could see a worm and 2 orcs.

Vanquished Creatures
  The ghost of gmonis the Cudgeler, a weakling MiBe of Trog (D:3)
  An orc priest (D:4)
  An orc wizard (D:4)
  Jessica (D:3)
  Robin (D:3)
  3 adders
  A gnoll (D:1)
  3 oozes
  5 dart slugs
  3 leopard geckos
  2 orcs
  7 bats
  12 hobgoblins
  13 jackals
  2 kobolds
  A ball python (D:1)
  5 frilled lizards
  19 goblins
  A leopard gecko zombie (D:2)
  4 rats
86 creatures vanquished.

Notes
Turn   | Place    | Note
-------+----------+-------------------------------------------
     0 | D:1      | Hebeh the Minotaur Fighter began the quest for the Orb.
     0 | D:1      | Reached XP level 1. HP: 19/19 MP: 0/0
   497 | D:1      | Reached XP level 2. HP: 27/27 MP: 1/1
   576 | D:1      | Reached skill level 3 in Axes
   774 | D:1      | Reached XP level 3. HP: 27/33 MP: 2/2
  1199 | D:2      | Reached XP level 4. HP: 37/40 MP: 3/3
  1330 | D:2      | Reached skill level 4 in Axes
  1741 | D:3      | Found a sparkling altar of Nemelex Xobeh.
  1812 | D:3      | Noticed Robin
  1830 | D:3      | Killed Robin
  1986 | D:3      | Reached XP level 5. HP: 47/47 MP: 4/4
  1993 | D:3      | Found a hide-covered altar of Uskayaw.
  2025 | D:3      | Found an opulent altar of Gozag.
  2128 | D:3      | Found a runed door.
  2209 | D:3      | Noticed Jessica
  2216 | D:3      | Killed Jessica
  2479 | D:3      | Noticed gmonis's ghost (weakling MiBe)
  2487 | D:3      | Killed gmonis's ghost
  2487 | D:3      | Reached skill level 1 in Slings
  2582 | D:4      | Reached skill level 5 in Axes
  2582 | D:4      | Reached XP level 6. HP: 34/55 MP: 5/5
  2587 | D:4      | Identified the +4 trident "Reowesk" {venom, MR+}
  2587 | D:4      | Slain by an orc

Vault maps used:
D:1:      dpeg_arrival_leaves_temple_mockup
D:3:      eat_drink_and_be_merry_uskayaw, overflow_temple_1_default,
          marbit_many_paths, ebering_ghost_reflecting_pool,
          grunt_decor_arrowhead, minivault_23, moated_statue, uniq_robin,
          uniq_jessica
D:4:      kennysheep_kobold_camp, first_ration, grunt_ministairs_4

Skill      XL: |  1  2  3  4  5 |
---------------+----------------+-----
Axes           | 3 4 5 |  5.1
Fighting       | 4 |  4.8
Armour         | 4 |  4.8
Shields        | 4 |  4.8
Slings         | 1 |  1.3

Action                   |  1- 3 |  4- 6 || total
-------------------------+-------+-------++-------
Melee: War axe           |    94 |    59 ||   153
       Headbutt          |    11 |    20 ||    31
       Whip              |       |    63 ||    63
  Use: Scroll            |       |     2 ||     2
  Eat: Chunk             |     1 |     4 ||     5
Armor: Scale mail        |    53 |    55 ||   108
Dodge: Dodged            |    28 |    25 ||    53
Block: Shield            |    44 |    65 ||   109

Table legend:
 A = Spawn XP
 B = Non-spawn XP
 C = Spawn XP percentage of total XP
 D = Spawn monster count
 E = Non-spawn monster count
 F = Spawn count percentage of total count
 G = Total turns spent on level
                    A         B        C        D         E        F      G
               +---------+---------+-------+---------+---------+-------+---------
         Total |       0 |     421 |   0.0 |       0 |      86 |   0.0 |  2587
               +---------+---------+-------+---------+---------+-------+---------
           D:1 |       0 |      59 |   0.0 |       0 |      23 |   0.0 |  1030
           D:2 |       0 |      90 |   0.0 |       0 |      28 |   0.0 |   710
           D:3 |       0 |     179 |   0.0 |       0 |      28 |   0.0 |   823
           D:4 |       0 |      93 |   0.0 |       0 |       7 |   0.0 |    24
               +---------+---------+-------+---------+---------+-------+---------
